 Dungeon Crawl Stone Soup version 0.31-a0-965-g8a8ce12e04 (webtiles) character file.

Game seed: 12962619803098408572

4662 Sanktem7 the Cleaver (level 10, -2/88 HPs)
             Began as a Minotaur Fighter on Oct 27, 2023.
             Was a Priest of Okawaru.
             Slain by an orc warlord
             ... wielding a +3 battleaxe
              (16 damage)
             ... in a bailey.
             The game lasted 00:15:06 (8576 turns).

Sanktem7 the Cleaver (Minotaur Fighter)             Turns: 8576, Time: 00:15:06

Health: -2/88      AC: 15    Str: 24    XL:     10   Next: 20%
Magic:  18/18      EV: 19    Int:  5    God:    Okawaru [***...]
Gold:   586        SH:  6    Dex: 14    Spells: 9/9 levels left

rFire   . . .        a - +0 war axe {axe}
rCold   . . .        c - +0 buckler
rNeg    . . .        f - +5 scale mail of Entitlement {rElec MP+9 Dex+3}
rPois   .            (helmet restricted)
rElec   +            A - +1 cloak
rCorr   .            (no gloves)
SInv    .            (no boots)
Will    .....        D - amulet of regeneration {@e2} Stlth
                     H - +5 ring of evasion
HPRegen 1.14/turn    N - +5 ring of evasion
MPRegen 0.16/turn

%: no passive effects
@: about to teleport
A: horns 2, retaliatory headbutt
a: Renounce Religion, Heroism


You were in a bailey.
You worshipped Okawaru.
Okawaru was most pleased with you.
You visited 1 branch of the dungeon, and saw 9 of its levels.
You also visited: Sewer and Bailey.

You collected 586 gold pieces.


Innate Abilities, Weirdness & Mutations

You have a pair of horns on your head.
You reflexively headbutt those who attack you in melee.


   Skills:
 + Level 8.3 Fighting
 * Level 10.8 Axes
 + Level 5.8 Throwing
 + Level 8.1 Armour
 + Level 8.1 Shields


You had 9 spell levels left.
You didn't know any spells.
Your spell library contained the following spells:

 Spells                   Type           Power      Damage    Failure   Level
 Freeze                   Ice            0%         1d3       80%         1
 Magic Dart               Conj           0%         1d3       80%         1
 Cigotuvi's Dreadful Rot  Necr/Pois/Air  0%         N/A       90%         2
 Wereblood                Tmut           0%         N/A       90%         2
 Frozen Ramparts          Ice            0%         1d1       99%         3
 Hailstorm                Conj/Ice       0%         3d3       99%         3
 Ignite Poison            Fire/Tmut/Pois 0%         N/A       99%         3
 Mephitic Cloud           Conj/Pois/Air  0%         N/A       99%         3
 Ozocubu's Armour         Ice            0%         N/A       99%         3
 Freezing Cloud           Conj/Ice/Air   0%         6-21      100%        5
 Irradiate                Conj/Tmut      0%         3d11      100%        5
 Metabolic Englaciation   Hex/Ice        0%         N/A       100%        5
 Call Imp                 Summ           Unusable   N/A       N/A         2
 Simulacrum               Ice/Necr       Unusable   N/A       N/A         6

Inventory:

Hand Weapons
 a - a +0 war axe (weapon) {axe}
 b - a +4 hammer of protection
   (You found it on level 5 of the Dungeon)
Missiles
 e - 22 stones {throwing}
 h - 17 poisoned darts {throwing}
 z - a curare-tipped dart {=fthrowing}
 B - 29 boomerangs {throwing}
Armour
 c - a +0 buckler (worn)
 f - the +5 scale mail of Entitlement (worn) {rElec MP+9 Dex+3}
   (You found it on level 4 of the Dungeon)

   Dex+3:     It affects your dexterity (+3).
   rElec:     It insulates you from electricity.
   MP+9:      It affects your magic capacity (+9).
 A - a +1 cloak (worn)
   (You found it on level 5 of the Dungeon)
Jewellery
 D - an amulet of regeneration (around neck) {@e2}
   (You found it on level 6 of the Dungeon)
 H - a +5 ring of evasion (left hand)
   (You found it on level 7 of the Dungeon)
 N - a +5 ring of evasion (right hand)
   (You found it on level 9 of the Dungeon)
Wands
 p - a wand of acid (13)
   (You found it on level 5 of the Dungeon)
 r - a wand of flame (20)
   (You found it on level 3 of the Dungeon)
 x - a wand of iceblast (9)
   (You found it on level 5 of the Dungeon)
 C - a wand of digging (3)
   (You found it on level 8 of the Dungeon)
 E - a wand of charming (8)
   (You took it off a kobold on level 7 of the Dungeon)
Scrolls
 g - 4 scrolls of enchant weapon
 m - a scroll of noise {!r}
 u - 3 scrolls of fear
 v - 2 scrolls of teleportation {@r4}
 y - a scroll of fog {unknown}
 G - a scroll of vulnerability {unknown}
Potions
 d - a potion of might
 i - a potion of resistance
 j - 6 potions of haste {@q3}
 k - 3 potions of brilliance
 l - 3 potions of attraction {!q}
 n - 2 potions of mutation {!q}
 o - 2 potions of heal wounds {unknown}
 q - 6 potions of curing {@q1}
 s - a potion of cancellation {unknown}
 t - 3 potions of degeneration {!q@e2}
 w - a potion of invisibility {unknown}
 F - 2 potions of magic {unknown}
 P - a potion of experience {unknown}

Dungeon Overview and Level Annotations

Branches:
Dungeon (9/15) Zot: 26872  Temple (0/1) D:7           Sewer (visited)
 Bailey (1/1) Zot: 5644
   Lair: D:8-11         Orc: D:9-12

Altars:
Cheibriados
Dithmenos
Elyvilon
Fedhas
Hepliaklqana
Kikubaaqudgha
Makhleb
Okawaru
Qazlal
Ru
Trog
Vehumet

Shops:
D:1 (   D:3 [   D:8 :

Annotations:
D:6 3 runed translucent doors, Newt's ghost, novice MfGl

≈≈#..........#~~~~~#..........#
≈≈#..8..8....'.....'..........#
≈≈#........#########......8...#
≈≈##......##~~~#~~~####))....##
...##.....#~}.....~#~~#.....##
....##....#~?........~#....##
.....#....##8.8...8.8~##...#
.....'.....#...).....~~'...#
.=...'.....#...o@....~~'...#
.....÷.....#.........~~'...#
.....#....##8.8...8.8~##...#
....##....#~?........~#....##
...##..)..#~:.....~#~~#.....##
≈≈##.....÷##~~~#~~~####......##
≈≈#.......÷#########......8...#
≈≈#..8..8..†.'÷..÷))..........#
≈≈#..........#~~~~)#..........#


You could see an orc warlord.


Message History

The goblin shouts!
You see here a kobold skeleton.
You see here a kobold skeleton.
You see here a kobold corpse.
There is an open door here.
You enter the shallow water.
Moving in this stuff is going to be slow.
Things that are here:
a +0 war axe {axe}; a +0 plate armour
There is an open door here.
Items here: ))) [[[ ÷.
Key pressed, stopping explore.
There is an open door here.
Items here: ))) [[[ ÷.
Things that are here:
a +0 hand axe {axe}; a +0 leather armour You see here a kobold skeleton.
You see here a kobold skeleton.
There is an open door here.
You see here a kobold corpse.
You see here a kobold skeleton.
You see here a kobold skeleton.
There is an open gate here.
You see here a kobold skeleton.
There is an empty arch of ancient stone here.
Items here: ))))) = [.
There is an open gate here.
There is an open door here.
There is an open door here.
Things that are here:
a +0 hand axe {axe}; a +0 leather armour; a goblin corpse Could not explore, unopened runed door.
Could not explore, unopened runed door.
Could not explore, unopened runed door.
You open the gate.
There is an open translucent gate here.
You enter the shallow water.
Moving in this stuff is going to be slow.
The goblin closely misses you.
There is a gate leading back out of this place here.
You barely miss the goblin. You headbutt the goblin.
You kill the goblin!
Okay, then.
Aiming: Throw Flame
Press: ? - help, Shift-Dir - straight line, f - orc warlord
Aim: an orc warlord, wielding a +3 battleaxe and wearing a +0 chain mail (77% to hit)
The puff of flame hits the orc warlord.
The orc warlord completely misses you.
You closely miss the orc warlord. You barely miss the goblin.
The orc warlord misses you.
You hit the orc warlord. You headbutt the orc warlord. You slash the goblin!
You kill the goblin!
Okawaru accepts your kill. The orc warlord completely misses you.
You furiously retaliate!
You headbutt the orc warlord. You closely miss the orc warlord.
You headbutt the orc warlord. The orc warlord completely misses you.
You closely miss the orc warlord.
You headbutt the orc warlord, but do no damage.
The orc warlord misses you. You furiously retaliate!
You headbutt the orc warlord. You hit the orc warlord.
The orc warlord hits you with a +3 battleaxe!! 😕 HP[-18]
You take 18 damage, and now have 70/88 hp.
MASSIVE DAMAGE!! (PAUSE)
You hit the orc warlord. Your headbutt misses the orc warlord.
The orc warlord closely misses you. You furiously retaliate!
You headbutt the orc warlord! 😕 HP[+1]
You slash the orc warlord!
The orc warlord hits you with a +3 battleaxe!! 😮 HP[-25]
You take 25 damage, and now have 46/88 hp.
MASSIVE DAMAGE!! (PAUSE)
You hit the orc warlord but do no damage.
You headbutt the orc warlord.
The orc warlord hits you with a +3 battleaxe.
* * * LOW HITPOINT WARNING * * *
😨 HP[-2]
You take 2 damage, and now have 44/88 hp.
You barely miss the orc warlord. Your headbutt misses the orc warlord.
The orc warlord hits you with a +3 battleaxe!
* * * LOW HITPOINT WARNING * * *
😨 HP[-15]
You take 15 damage, and now have 29/88 hp.
You slash the orc warlord! The orc warlord closely misses you.
You furiously retaliate!
You headbutt the orc warlord! 😨 HP[+1]
You slash the orc warlord!
You block the orc warlord's attack. 😨 HP[+1]
You slash the orc warlord!
The orc warlord hits you with a +3 battleaxe!!
* * * LOW HITPOINT WARNING * * *
😱 HP[-18]
You take 18 damage, and now have 13/88 hp.
MASSIVE DAMAGE!! (PAUSE)
As you read the scroll of teleportation {@r4}, it crumbles to dust.
You feel strangely unstable.
The orc warlord hits you with a +3 battleaxe!
You die...

Skill      XL: |  1  2  3  4  5  6  7  8  9 10 |
---------------+-------------------------------+-----
Axes           | 3 4 5 7 8 10 | 10.8
Fighting       | 4 5 6 8 |  8.3
Armour         | 4 5 6 7 8 |  8.1
Shields        | 4 5 6 7 8 |  8.1
Throwing       | 1 2 3 4 5 |  5.8

Action                     |  1- 3 |  4- 6 |  7- 9 | 10-12 || total
---------------------------+-------+-------+-------+-------++-------
  Melee: War axe           |    58 |   147 |   372 |    78 ||   655
         Headbutt          |     6 |    17 |    63 |    15 ||   101
  Evoke: Wand              |       |       |       |     1 ||     1
    Use: Scroll            |       |     9 |     7 |     1 ||    17
 Armour: Scale mail        |    43 |    46 |   273 |    34 ||   396
         Chain mail        |       |    62 |       |       ||    62
  Dodge: Dodged            |    31 |    59 |   158 |    62 ||   310
  Block: Buckler           |    15 |    35 |    99 |    23 ||   172

Levels and vault maps discovered:
D:1:      dpeg_arrival_prison, layout_basic, serial_shops, shop,
          patterned_corridor
D:2:      layout_basic, basic_altar, uniq_jessica
D:3:      layout_basic, fedhas_altar_3, mainiacjoe_overflow_surrounded_room,
          serial_shops, nicolae_shop_waterfront, kennysheep_small_spiral,
          uniq_natasha
D:4:      layout_gridville, grunt_temple_overflow_lords_of_destruction,
          chei_slow_surprise, mainiacjoe_overflow_swirl
D:5:      layout_rooms, gup_sewer_entry_spiral, minmay_misc_feat_tower,
          minmay_tree_intersection, uniq_crazy_yiuf_cottage
D:6:      layout_cave_pools, okawaru_metal_pillars_3, gammafunk_ghost_icy,
          supply_closet_lemuel, uniq_prince_ribbit1, uniq_menkaure, uniq_grinder
D:7:      kennysheep_kobold_camp, layout_loops_ring,
          mainiacjoe_overflow_concentric_impassable, minmay_temple_entry_fiery
D:8:      layout_cave_pods, lemuel_tele_altar, nicolae_ru_path_of_blood,
          serial_shops, nicolae_shop_tiny_waterfront, uniq_psyche, uniq_joseph
D:9:      layout_roguey, erik_orc_4, enter_bailey_5
Bailey:   bailey_axe_bossmonster_kennysheep, bailey

Notes
Turn   | Place    | Note
-------+----------+-------------------------------------------
     0 | D:1      | Sanktem7 the Minotaur Fighter began the quest for the Orb.
     0 | D:1      | Reached XP level 1. HP: 19/19 MP: 0/0
     0 | D:1      | magus.rc [v1.9.6]
   124 | D:1      | Found Xauwka's Antique Weapon Shop.
   223 | D:1      | Reached XP level 2. HP: 27/27 MP: 1/1
   408 | D:1      | Reached skill level 3 in Axes
   911 | D:2      | Reached skill level 4 in Fighting
   911 | D:2      | Reached skill level 4 in Armour
   911 | D:2      | Reached skill level 4 in Shields
   911 | D:2      | Reached XP level 3. HP: 28/33 MP: 2/2
  1096 | D:2      | Found a shadowy altar of Dithmenos.
  1219 | D:2      | Reached XP level 4. HP: 40/40 MP: 3/3
  1222 | D:2      | Noticed Jessica
  1228 | D:2      | Killed Jessica
  1229 | D:2      | Reached skill level 4 in Axes
  1280 | D:2      | You fall into a shaft and drop 1 floor!
  1280 | D:3      | Found a hazy altar of Hepliaklqana.
  1303 | D:3      | Found Fetelegg's Armour Shoppe.
  1427 | D:3      | Noticed Natasha
  1432 | D:3      | Killed Natasha
  1433 | D:3      | Reached skill level 1 in Throwing
  1474 | D:3      | Reached XP level 5. HP: 29/47 MP: 4/4
  1477 | D:3      | HP: 6/47 [gnoll/+2 heavy spear (10)]
  1804 | D:3      | You pick up a book of Frost and begin reading...
  1804 | D:3      | You add the spells Freeze, Frozen Ramparts and Hailstorm to
                  | your library.
  2060 | D:3      | Found a blossoming altar of Fedhas.
  2707 | D:4      | Identified the +5 scale mail of Entitlement {rElec MP+9
                  | Dex+3}
  2885 | D:4      | Found a stormy altar of Qazlal.
  2915 | D:4      | Noticed an ogre
  2921 | D:4      | Killed an ogre
  2922 | D:4      | Reached skill level 5 in Axes
  2922 | D:4      | Reached XP level 6. HP: 53/55 MP: 5/5
  3283 | D:4      | Reached skill level 5 in Fighting
  3283 | D:4      | Reached skill level 2 in Throwing
  3283 | D:4      | Reached skill level 5 in Armour
  3284 | D:4      | Reached skill level 5 in Shields
  3321 | D:4      | Found a radiant altar of Vehumet.
  3323 | D:4      | Found a burning altar of Makhleb.
  3492 | D:4      | Found a white marble altar of Elyvilon.
  3581 | D:4      | Found a snail-covered altar of Cheibriados.
  3653 | D:5      | Entered Level 5 of the Dungeon
  3673 | D:5      | HP: 14/56 [orc priest/divine providence (11)]
  3683 | D:6      | HP: 14/56 [orc/+0 whip (3)]
  3849 | D:5      | Reached XP level 7. HP: 48/61 MP: 6/6
  3921 | D:5      | Found a glowing drain.
  3925 | Sewer    | Entered a sewer
  4044 | Sewer    | Reached skill level 6 in Axes
  4564 | D:5      | Reached skill level 3 in Throwing
  4589 | D:5      | Reached skill level 7 in Axes
  4589 | D:5      | Reached XP level 8. HP: 37/70 MP: 7/7
  4720 | D:5      | You pick up a book of Changes and begin reading...
  4720 | D:5      | You add the spells Wereblood and Irradiate to your library.
  4887 | D:5      | You pick up a book of Winter and begin reading...
  4887 | D:5      | You add the spells Ozocubu's Armour, Metabolic Englaciation
                  | and Simulacrum to your library.
  4911 | D:5      | Found a runed translucent door.
  4912 | D:5      | Noticed Crazy Yiuf
  5114 | D:5      | Killed Crazy Yiuf
  5160 | D:6      | Noticed Menkaure
  5166 | D:5      | Reached skill level 6 in Fighting
  5176 | D:5      | HP: 10/70 [something/puff of flame (8)]
  5181 | D:5      | Reached skill level 6 in Armour
  5181 | D:5      | Reached skill level 6 in Shields
  5373 | D:6      | HP: 16/70 [poisoned by an adder]
  5571 | D:6      | Killed Menkaure
  5732 | D:6      | Found a runed translucent gate.
  5732 | D:6      | Found a runed translucent gate.
  5733 | D:6      | Found a runed translucent gate.
  5920 | D:6      | Noticed Prince Ribbit
  5977 | D:6      | Reached skill level 8 in Axes
  6015 | D:6      | Found an iron altar of Okawaru.
  6019 | D:6      | Identified the +6 short sword "Aleaxka" {freeze, Fly Will+
                  | Str-2}
  6029 | D:6      | Became a worshipper of Warmaster Okawaru
  6044 | D:6      | Killed Prince Ribbit
  6045 | D:6      | Reached skill level 4 in Throwing
  6095 | D:6      | Noticed Grinder
  6104 | D:6      | Killed Grinder
  6105 | D:6      | Reached XP level 9. HP: 64/78 MP: 8/8
  6120 | D:6      | You pick up a book of Minor Magic and begin reading...
  6120 | D:6      | You add the spells Magic Dart and Mephitic Cloud to your
                  | library.
  6199 | D:6      | Noticed Newt's ghost (novice MfGl)
  6403 | D:7      | Reached skill level 7 in Fighting
  6530 | D:7      | You add the spells Cigotuvi's Dreadful Rot, Ignite Poison
                  | and Freezing Cloud to your library.
  6548 | D:7      | Reached skill level 9 in Axes
  6548 | D:7      | Reached skill level 7 in Armour
  6577 | D:7      | Reached skill level 7 in Shields
  6585 | D:7      | Found an ancient bone altar of Kikubaaqudgha.
  6701 | D:7      | Reached * piety under Okawaru
  6951 | D:7      | Found a staircase to the Ecumenical Temple.
  7541 | D:8      | Noticed Joseph
  7549 | D:8      | Killed Joseph
  7550 | D:8      | Reached skill level 5 in Throwing
  7576 | D:8      | Found a bloodstained altar of Trog.
  7673 | D:8      | Found a sacrificial altar of Ru.
  7736 | D:8      | Noticed Psyche
  7743 | D:8      | Killed Psyche
  7743 | D:8      | Reached ** piety under Okawaru
  7744 | D:8      | Reached skill level 10 in Axes
  7787 | D:8      | Identified the +2 leather armour of Vudghuesho {Dex-5
                  | Slay+5 Stlth+}
  7808 | D:8      | Found Iffastig's Book Emporium.
  7905 | D:8      | Reached skill level 8 in Fighting
  8021 | D:8      | Reached XP level 10. HP: 88/88 MP: 9/9
  8103 | Bailey   | Identified the of Uxiypeta
  8147 | D:9      | Found a flagged portal.
  8228 | Bailey   | Entered a bailey
  8241 | Bailey   | Noticed an orc warlord
  8265 | Bailey   | Noticed an orc knight
  8294 | Bailey   | Killed an orc knight
  8295 | Bailey   | Reached skill level 8 in Armour
  8295 | Bailey   | Reached skill level 8 in Shields
  8299 | Bailey   | HP: 21/88 [orc warrior/+0 war axe (12)]
  8303 | Bailey   | Reached *** piety under Okawaru
  8399 | Bailey   | Found a runed translucent gate.
  8402 | Bailey   | Found a runed translucent gate.
  8404 | Bailey   | Found a runed translucent gate.
  8575 | Bailey   | HP: 13/88 [orc warlord/+3 battleaxe (19)]
  8576 | Bailey   | Slain by an orc warlord

Vanquished Creatures
  An orc knight (Bailey)
  Joseph (D:8)
  Psyche (D:8)
  Grinder (D:6)
  Prince Ribbit (D:6)
  A steam dragon (D:8)
  Menkaure (D:6)
  An acid dragon (D:8)
  2 sky beasts
  A black bear (D:7)
  An ice beast (D:8)
  3 ogres
  3 orc warriors (Bailey)
  A centaur (D:9)
  2 kobold brigands
  4 bullfrogs
  A gnoll sergeant (D:8)
  5 scorpions
  A crimson imp (D:4)
  2 howler monkeys (D:8)
  2 jellies
  5 orc priests
  4 hounds
  Crazy Yiuf (D:5)
  Jessica (D:2)
  2 iguanas (D:7)
  Natasha (D:3)
  6 orc wizards
  A mummy (D:4)
  17 adders
  10 gnolls
  8 river rats
  2 shadow imps (D:6)
  A white imp (D:4)
  6 ufetubi
  A worm (D:5)
  4 dart slugs
  31 orcs
  9 endoplasms
  7 giant cockroaches
  14 goblins
  4 hobgoblins
  2 jackals (D:1)
  5 quokkas
  10 ball pythons
  3 bats
  2 frilled lizards (D:3)
  38 kobolds
  30 rats
261 creatures vanquished.

Table legend:
 A = Non-vault XP
 B = Vault XP
 C = Vault XP percentage of total XP
 D = Non-vault monster count
 E = Vault monster count
 F = Vault count percentage of total count
                 A         B        C        D         E       F
            +---------+---------+-------+---------+---------+-------
      Total |    3369 |    3291 |  49.4 |     149 |     112 |  42.9
            +---------+---------+-------+---------+---------+-------
        D:1 |      28 |       4 |  12.5 |      15 |       2 |  11.8
        D:2 |      73 |      37 |  33.6 |      16 |       1 |   5.9
        D:3 |     114 |      36 |  24.0 |      22 |       1 |   4.3
        D:4 |     306 |      66 |  17.7 |      18 |       2 |  10.0
        D:5 |     584 |      74 |  11.2 |      15 |       7 |  31.8
        D:6 |     458 |     737 |  61.7 |      19 |       3 |  13.6
        D:7 |     669 |     130 |  16.3 |      18 |      21 |  53.8
        D:8 |    1027 |     790 |  43.5 |      25 |       2 |   7.4
        D:9 |     110 |       8 |   6.8 |       1 |       4 |  80.0
      Sewer |       0 |     395 | 100.0 |       0 |      49 | 100.0
     Bailey |       0 |    1014 | 100.0 |       0 |      20 | 100.0
            +---------+---------+-------+---------+---------+-------

Skill      XL: |  1  2  3  4  5  6  7  8  9 10 |
---------------+-------------------------------+-----
Axes           | 3 4 5 7 8 10 | 10.8
Fighting       | 4 5 6 8 |  8.3
Armour         | 4 5 6 7 8 |  8.1
Shields        | 4 5 6 7 8 |  8.1
Throwing       | 1 2 3 4 5 |  5.8

Action                     |  1- 3 |  4- 6 |  7- 9 | 10-12 || total
---------------------------+-------+-------+-------+-------++-------
  Melee: War axe           |    58 |   147 |   372 |    78 ||   655
         Headbutt          |     6 |    17 |    63 |    15 ||   101
  Evoke: Wand              |       |       |       |     1 ||     1
    Use: Scroll            |       |     9 |     7 |     1 ||    17
 Armour: Scale mail        |    43 |    46 |   273 |    34 ||   396
         Chain mail        |       |    62 |       |       ||    62
  Dodge: Dodged            |    31 |    59 |   158 |    62 ||   310
  Block: Buckler           |    15 |    35 |    99 |    23 ||   172

Illustrated notes

Table legend:
 A = Kills in this place as a percentage of kills in the entire game.
 B = Kills by you in this place as a percentage of kills by you in the entire game.
 C = Kills by friends in this place as a percentage of kills by friends in the entire game.
 D = Other kills in this place as a percentage of other kills in the entire game.
 E = Experience gained in this place as a percentage of experience gained in the entire game.
 F = Experience gained in this place divided by the number of levels of this place that you have seen.
                   A       B       C       D       E      F
               +-------+-------+-------+-------+-------+----------------------
         Total | 100.0 | 100.0 |   N/A |   N/A | 100.0 | 605.5
       Dungeon |  73.6 |  73.6 |   N/A |   N/A |  78.8 | 583.4
         Sewer |  18.8 |  18.8 |   N/A |   N/A |   5.9 | 395.0
        Bailey |   7.7 |   7.7 |   N/A |   N/A |  15.2 | 1014.0
               +-------+-------+-------+-------+-------+----------------------

Table legend: (Time is in decaauts)
 A = Elapsed time spent in this place.
 B = Non-inter-level travel time spent in this place.
 C = Inter-level travel time spent in this place.
 D = Time resting spent in this place.
 E = Time spent auto-exploring this place.
 F = Levels seen in this place.
 G = Mean time per level.
                   A        B        C        D        E       F      G
               +--------+--------+--------+--------+--------+-----+--------+
         Total |   8776 |   8580 |    196 |    528 |   6388 |  11 |  797.8 |
       Dungeon |   7921 |   7725 |    196 |    528 |   5853 |   9 |  880.1 |
         Sewer |    501 |    501 |      0 |      0 |    310 |   1 |  501.0 |
        Bailey |    354 |    354 |      0 |      0 |    224 |   1 |  354.0 |
               +--------+--------+--------+--------+--------+-----+--------+

Top non-repeatable levels by time:
     D:5: 1369 daAuts
     D:3: 1022 daAuts
     D:4: 1020 daAuts
     D:7: 1013 daAuts
     D:6: 927 daAuts
     D:1: 853 daAuts
     D:2: 817 daAuts
     D:8: 769 daAuts
   Sewer: 501 daAuts
  Bailey: 354 daAuts
     D:9: 127 daAuts
